 Dungeon Crawl Stone Soup version 0.26.0-41-g79a4fc7684 (webtiles) character file.

Game seed: 8667482901065918478

359 kaeus the Sneak (level 6, 0/43 HPs)
             Began as an Octopode Fighter on Jan 27, 2021.
             Slain by an orc wizard
             ... wielding a +0 dagger
              (5 damage)
             ... on level 4 of the Dungeon.
             The game lasted 00:03:13 (2618 turns).

kaeus the Sneak (Octopode Fighter)                  Turns: 2618, Time: 00:03:14

Health: 0/43       AC:  1    Str: 15    XL:     6   Next: 65%
Magic:  6/6        EV: 15    Int: 10    God:
Gold:   85         SH:  6    Dex: 14    Spells: 5/5 levels left

rFire    . . .     SeeInvis .   a - +1 rapier
rCold    . . .     Faith    .   g - +1 buckler
rNeg     . . .     Spirit   .   (helmet restricted)
rPois    .         Reflect  .   d - amulet of inaccuracy (curse)
rElec    .         Harm     .   (no ring)
rCorr    .         Rampage  .   (no ring)
Will     .....                  (no ring)
Stlth    ++++......             (no ring)
HPRegen  0.14/turn              (no ring)
MPRegen  0.10/turn              (no ring)
                                (no ring)
                                (no ring)

@: lethally poisoned (0 -> -2)
A: almost no armour, stealthy swim, amphibious, 8 rings, constrict 8, camouflage
1, gelatinous body 1
a: no special abilities


You were on level 4 of the Dungeon.
You visited 1 branch of the dungeon, and saw 4 of its levels.
You also visited: Sewer.

You collected 85 gold pieces.

Inventory:

Hand Weapons
 a - a +1 rapier (weapon)
Armour
 b - a +0 kite shield
 g - a +1 buckler (worn)
Jewellery
 d - a cursed amulet of inaccuracy (around mantle)
Scrolls
 h - 2 scrolls of teleportation
 i - a scroll of remove curse {unknown}
Potions
 c - a potion of might
 e - a potion of curing {unknown}
 f - a potion of brilliance {unknown}
 j - a potion of heal wounds {unknown}
 l - a potion of cancellation {unknown}
 m - a potion of attraction {unknown}
 p - a potion of invisibility {unknown}
 q - 2 potions of lignification
 r - a potion of berserk rage {unknown}


   Skills:
 + Level 3.9 Fighting
 + Level 3.2 Short Blades
 + Level 3.9 Dodging
 * Level 5.3 Stealth
 + Level 3.9 Shields


You had 5 spell levels left.
You didn't know any spells.
Your spell library was empty.

Dungeon Overview and Level Annotations

Branches:
Dungeon (4/15)              Sewer (visited)
 Temple: D:4-7

Altars:
Fedhas

Annotations:
D:4 1 transporter


Innate Abilities, Weirdness & Mutations

You cannot wear most types of armour.
You are very stealthy in the water. (Stealth+)
You are amphibious.
You can wear up to eight rings at the same time.
You can use your tentacles to constrict eight enemies at once.
Your skin changes colour to match your surroundings (Stealth+).
Your rubbery body absorbs attacks. (AC +1, EV +1)


Message History

The puff of frost misses you.
You take 4 damage, and have 17/43 hp.
You closely miss something.
You hear some strange, mumbled words.
A puff of flame appears from out of thin air!
The puff of flame misses you.
You closely miss something. Your squeeze misses something.
You feel sick. Something hits you but does no damage. Something hits you.
You take 4 damage, and have 13/43 hp.
You completely miss something.
You hear some strange, mumbled words.
A puff of frost appears from out of thin air!
The puff of frost misses you.
You barely miss something.
You hear some strange, mumbled words.
A puff of frost appears from out of thin air!
The puff of frost hits you!
* * * LOW HITPOINT WARNING * * *
Something hits you.
You die...

........' ....S...
### ####... ..#
...##.# #<#
#..8#.# #.#
.#..#.## ...
...[#..#########.#
.../#©........##.#
...$#.......S.##@#
.#..#.#.......##{#
#..8#.......o....#
...##...[......###
####..........†#
.....#.........#
...........###.#
##..##.##### #.#
#..##.#######.#


There were no monsters in sight!

Vanquished Creatures
  Sigmund (D:3)
  A bullfrog (Sewer)
  A worker ant (D:4)
  5 adders
  A river rat (D:4)
  2 worms
  4 leopard geckos
  4 orcs (D:3)
  9 giant cockroaches
  A goblin (D:2)
  4 hobgoblins (D:1)
  5 kobolds
  3 ball pythons
  5 bats
  8 frilled lizards
  A rat (D:3)
55 creatures vanquished.

Vanquished Creatures (others)
  A plant (D:2)
1 creature vanquished.

Grand Total: 56 creatures vanquished

Notes
Turn   | Place    | Note
-------+----------+-------------------------------------------
     0 | D:1      | kaeus the Octopode Fighter began the quest for the Orb.
     0 | D:1      | Reached XP level 1. HP: 16/16 MP: 1/1
   131 | D:1      | Reached skill level 1 in Stealth
   168 | D:1      | Reached XP level 2. HP: 21/21 MP: 2/2
   395 | D:1      | You fall into a shaft and drop 1 floor!
   512 | D:2      | Reached skill level 2 in Stealth
   512 | D:2      | Reached XP level 3. HP: 17/26 MP: 3/3
   837 | D:3      | Noticed Sigmund
   850 | D:3      | HP: 1/26 [Sigmund/puff of flame (7)]
   852 | D:3      | Killed Sigmund
   853 | D:3      | Reached skill level 4 in Stealth
   853 | D:3      | Reached XP level 4. HP: 1/32 MP: 4/4
   853 | D:3      | Reached XP level 5. HP: 2/36 MP: 5/5
  1255 | D:3      | Found a blossoming altar of Fedhas.
  1470 | D:3      | Found a faded altar of an unknown god.
  1901 | D:4      | Reached XP level 6. HP: 43/43 MP: 6/6
  1935 | D:4      | Found a glowing drain.
  1948 | Sewer    | Entered a sewer
  2211 | Sewer    | Reached skill level 5 in Stealth
  2521 | D:4      | Found a transporter.
  2618 | D:4      | Slain by an orc wizard

Illustrated notes

Levels and vault maps discovered:
D:1:      dpeg_arrival_windows_large_door, layout_basic, minmay_misc_feat_doors,
          kennysheep_pointless_box
D:2:      layout_rooms, serial_bayou_ford_a, minmay_three_crescents,
          uniq_crazy_yiuf_cottage
D:3:      layout_basic, chequers_ecumenical_altar_simple_redux, fedhas_altar_2,
          uniq_sigmund
D:4:      layout_loops_corners, cheibrodos_sewer_entry_sluice,
          gammafunk_ghost_arena, chequers_arboretum, minmay_shop_damaged

Skill      XL: |  1  2  3  4  5  6 |
---------------+-------------------+-----
Stealth        | 1 2 4 5 |  5.3
Short Blades   | 3 |  3.2
Fighting       | |  3.9
Dodging        | |  3.9
Shields        | |  3.9

Action                   |  1- 3 |  4- 6 || total
-------------------------+-------+-------++-------
Melee: Rapier            |    56 |   112 ||   168
       Constrict         |     9 |    21 ||    30
       Tentacles         |     4 |    14 ||    18
  Use: Scroll            |     1 |     6 ||     7
 Stab: Sleeping          |     5 |     4 ||     9
Armor: Skin              |     1 |     9 ||    10
Dodge: Dodged            |    36 |    78 ||   114
Block: Kite shield       |     4 |       ||     4
       Buckler           |     8 |    36 ||    44
